 Dungeon Crawl Stone Soup version 0.16.1-30-g34a7ffa (webtiles) character file.

8804 Jb9000 the Covert (level 11, -24/73 HPs)
             Began as a Gargoyle Fighter on June 26, 2015.
             Was a Believer of Ru.
             Annihilated by a very large slime creature (42 damage)
             ... on level 15 of the Dungeon.
             The game lasted 01:45:37 (11641 turns).

Jb9000 the Covert (Gargoyle Fighter)               Turns: 11641, Time: 01:45:38

Health: -24/73     AC: 29    Str: 16    XL:     11   Next: 36%
Magic:  3/3        EV:  9    Int:  9    God:    Ru [**....]
Gold:   135        SH: 16    Dex:  9    Spells: 0 memorised, 10 levels left

rFire  . . .     SeeInvis .     i - +5 demon whip "Spellbinder" {antimagic, MR+}
rCold  x . .     Clarity  +     h - quicksilver dragon armour
rNeg   + + .     SustAb   .     p - +2 large shield
rPois  ∞         Gourm    .     w - +1 helmet
rElec  +         Spirit   .     g - +1 cloak {rPois}
rCorr  .         Warding  +     (no gloves)
rMut   .         Stasis   .     (no boots)
MR     ++++.                    Y - amulet of warding
Stlth  +++.......               v - +3 ring of slaying
                                X - ring "Lusk" {rElec rPois rC- AC+3 Str-5 Slay+3}

@: incredibly resistant to hostile enchantments, fairly stealthy
A: icy blue scales 1, clarity, clumsy 1, low mp 1, magic resistance 2, negative
energy resistance 1, robust 1, screaming 1, electricity resistance, unbreathing,
petrification resistance, rot immunity, placid magic 1, no air magic, no hexes
magic, no translocations magic, inexperienced 1, AC +7
a: Renounce Religion


You were on level 15 of the Dungeon.
You worshipped Ru.
Ru was pleased with you.
You were not hungry.

You visited 2 branches of the dungeon, and saw 14 of its levels.
You also visited: Bailey.

You collected 775 gold pieces.
You spent 640 gold pieces at shops.

Inventory:

Hand weapons
 i - the +5 demon whip "Spellbinder" (weapon) {antimagic, MR+}
   (You acquired it on level 15 of the Dungeon)

   It disrupts the flow of magical energy around spellcasters and certain
   magical creatures (including the wielder).
   It affects your resistance to hostile enchantments.
 u - a +0 mace of protection
 G - a +2 flail of holy wrath
 H - a +0 hunting sling of velocity
 U - a +3 war axe
 V - a +0 hunting sling of flaming
Missiles
 n - 67 bolts
 y - 3 curare-tipped needles
 J - 25 sling bullets
 L - 5 tomahawks (quivered)
 M - 2 throwing nets
 S - 6 javelins
Armour
 b - a steam dragon hide
 g - a +1 cloak of poison resistance (worn)
 h - a quicksilver dragon armour (worn)
 j - a +1 leather armour of cold resistance
 p - a +2 large shield (worn)
 w - a +1 helmet (worn)
Jewellery
 o - an uncursed ring of flight
 q - an uncursed ring of protection from fire
 v - a +3 ring of slaying (right hand)
 B - an uncursed amulet of rage
 C - an uncursed ring of protection from cold
 F - an uncursed amulet of the gourmand
 X - the ring "Lusk" (left hand) {rElec rPois rC- AC+3 Str-5 Slay+3}
   (You bought it in a shop on level 10 of the Dungeon)

   [ring of protection]

   It affects your AC (+3).
   It affects your strength (-5).
   It affects your accuracy and damage with ranged weapons and melee attacks
   (+3).
   It makes you vulnerable to cold.
   It insulates you from electricity.
   It protects you from poison.
 Y - an amulet of warding (around neck)
Magical devices
 a - a wand of digging (6)
 k - a wand of lightning (11)
 m - a wand of slowing (22)
 t - a wand of lightning (7)
 E - a wand of magic darts (19)
 O - a wand of polymorph (12)
Scrolls
 x - 2 scrolls of remove curse
 z - 5 scrolls of teleportation
 A - 4 scrolls of magic mapping
 I - 2 scrolls of recharging
 R - 2 scrolls of blinking
Potions
 e - a potion of might
 f - a potion of ambrosia
 l - a potion of cancellation
 D - a potion of haste
 K - 2 potions of heal wounds
 N - a potion of invisibility {unknown}
 Q - 2 potions of curing
Comestibles
 d - 9 bread rations
 s - 3 meat rations


   Skills:
 + Level 7.4 Fighting
 * Level 7.9 Maces & Flails
 + Level 4.3(4.7) Slings
 + Level 2.8(4.2) Throwing
 + Level 6.8 Armour
 + Level 5.5 Dodging
 * Level 9.7 Stealth
 + Level 7.3 Shields


You had 10 spell levels left.
You didn't know any spells.

Dungeon Overview and Level Annotations

Branches:
Dungeon (15/15)            Temple (1/1) D:4            Lair (0/8) D:11
    Orc (0/4) D:9
 Vaults: D:13-14     Depths: D:15

Altars:
Ashenzari
Dithmenos
Elyvilon
Fedhas
Ru
Sif Muna
Xom
The Shining One

Shops:
D:5 %   D:9 :(   D:10 :=[(

Annotations:
D:4 Scuka's ghost, average GrFi


Innate Abilities, Weirdness & Mutations

You are resistant to torment.
You are immune to poison.
Your stone body is very resilient (AC +7).
You resist negative energy.
You are resistant to electric shocks.
You can survive without breathing.
You are immune to petrification.
You are immune to rotting.
You cannot study or cast Air magic.
You cannot study or cast Hexes magic.
You cannot study or cast Translocations magic.
You are somewhat inexperienced (-2 XL).
You are partially covered in icy blue scales (AC +1).
You possess an exceptional clarity of mind.
You are clumsy. (Dex -2)
Your magical capacity is low (-10% MP).
You are highly resistant to hostile enchantments.
You are robust (+10% HP).
You occasionally shout uncontrollably at your foes.
Your spells are a little easier to cast, but a little less powerful.


Message History

You block the large slime creature's attack.
Your shield prevents you from hitting the large slime creature.
The large slime creature is lightly wounded.
Two slime creatures merge to form a very large slime creature.
You thrash the very large slime creature!!
The very large slime creature is lightly wounded.
You block the very large slime creature's attack.
You hit the very large slime creature.
The very large slime creature is moderately wounded.
The very large slime creature hits you!!!
Ouch! That really hurt!
You whack the very large slime creature!
The very large slime creature is moderately wounded.
The very large slime creature hits you!
* * * LOW HITPOINT WARNING * * *
You whack the very large slime creature!
The very large slime creature is moderately wounded.
The very large slime creature hits you!!!
Ouch! That really hurt!
You die...

..............'.........'....
#######....####.........###..
##..## ##.......## #.#
#.##### ##.....## #.# #.....#
##...## #.. #####.# ##+## ###
#.# #.# ######@# #.BJ.J.####
##### #'####....# #...## #..#
#.##.# ###.## ##J..#.##.#
#.## .#.#....# #..# ##.####.#
##.# ####.# #.# #....# #.#


You could see a very large slime creature, a goliath beetle and an ooze.

Vanquished Creatures
  Pikel (D:5)
  An ugly thing (D:11)
  A hill giant (D:11)
  An orc knight (Bailey)
  An elephant (D:11)
  Joseph (D:7)
  A centaur zombie (D:11)
  A gargoyle (D:11)
  A trapdoor spider (D:11)
  A yak (D:11)
  2 hungry ghosts
  A hippogriff (D:11)
  A steam dragon (D:10)
  3 sky beasts
  A water moccasin (D:9)
  5 ice beasts
  A soldier ant (D:11)
  7 ogres
  5 orc warriors
  An eye of draining (D:7)
  A centaur (D:5)
  2 slaves (D:5)
  7 giant frogs
  Duvessa (D:9)
  Blork the orc (D:7)
  2 scorpions
  4 wights (D:10)
  An electric eel (D:6)
  Dowan (D:9)
  5 crimson imps
  7 goliath beetles
  A giant frog zombie (D:11)
  7 hounds
  2 jellies (D:8)
  2 centaur skeletons
  A gnoll shaman (D:10)
  6 orc priests
  11 orc wizards
  2 quasits
  3 iguanas
  5 worker ants
  2 hell rats (D:15)
  2 sheep (D:11)
  2 hound zombies
  A hound skeleton (D:4)
  7 gnolls
  A worker ant zombie (D:7)
  5 adders
  3 river rats (D:15)
  A shadow imp (D:7)
  2 giant mites
  4 worms
  An adder zombie (D:5)
  6 giant geckos
  4 oozes (D:15)
  53 orcs
  10 bats
  A bat zombie (D:5)
  9 giant cockroaches
  25 hobgoblins
  16 kobolds
  A quokka (D:4)
  2 ball pythons
  2 giant gecko zombies (D:5)
  6 giant newts
  A giant spore (D:8)
  14 goblins
  7 jackals
  A quokka zombie (D:7)
  18 rats
  A ballistomycete (D:8)
317 creatures vanquished.

Vanquished Creatures (others)
  A wyvern (D:8)
  An orc priest (D:9)
  A river rat (D:15)
  An orc (Bailey)
  A goblin (D:7)
5 creatures vanquished.

Grand Total: 322 creatures vanquished

Notes
Turn   | Place    | Note
--------------------------------------------------------------
     0 | D:1      | Jb9000, the Gargoyle Fighter, began the quest for the Orb.
     0 | D:1      | Reached XP level 1. HP: 14/14 MP: 1/1
   146 | D:1      | Reached skill level 1 in Stealth
   179 | D:1      | Reached XP level 2. HP: 19/19 MP: 2/2
   642 | D:1      | Reached XP level 3. HP: 23/23 MP: 3/3
  1373 | D:2      | Reached XP level 4. HP: 29/29 MP: 4/4
  1542 | D:2      | Reached skill level 1 in Dodging
  1686 | D:2      | Gained mutation: Your magical capacity is low (-10% MP). [potion of mutation]
  1686 | D:2      | Gained mutation: You are resistant to hostile enchantments. [potion of mutation]
  1686 | D:2      | Gained mutation: You possess an exceptional clarity of mind. [potion of mutation]
  2426 | D:3      | Found a sacrificial altar of Ru.
  2434 | D:3      | Became a worshipper of Ru the Awakened
  2564 | D:3      | Found a shimmering altar of Xom.
  2654 | D:3      | Reached XP level 5. HP: 33/33 MP: 4/4
  3026 | D:4      | Reached skill level 4 in Shields
  3039 | D:4      | Reached XP level 6. HP: 33/38 MP: 5/5
  3168 | D:4      | Noticed Scuka's ghost (average GrFi)
  3176 | D:4      | Found a staircase to the Ecumenical Temple.
  3182 | Temple   | Entered the Ecumenical Temple
  3311 | D:4      | Found a shadowy altar of Dithmenos.
  3446 | D:4      | Gained mutation: You are somewhat inexperienced (-2 XL). [Ru sacrifice]
  3446 | D:4      | Reached XP level 5. HP: 33/33 MP: 4/4
  3446 | D:4      | Reached XP level 4. HP: 29/29 MP: 3/3
  3446 | D:4      | Acquired Ru's first power
  3511 | D:4      | Reached XP level 5. HP: 33/33 MP: 4/4
  3691 | D:5      | Entered Level 5 of the Dungeon
  3694 | D:5      | Noticed a centaur
  3706 | D:5      | Killed a centaur
  3706 | D:5      | Reached XP level 6. HP: 38/38 MP: 5/5
  3907 | D:5      | Gained mutation: You are robust (+10% HP). [potion of mutation]
  3907 | D:5      | Gained mutation: You are highly resistant to hostile enchantments. [potion of mutation]
  3907 | D:5      | Gained mutation: You are clumsy. (Dex -2) [potion of mutation]
  4143 | D:5      | Found Schooq Smeir's Food Emporium.
  4319 | D:5      | Noticed a slave
  4320 | D:5      | Noticed a slave
  4321 | D:5      | Noticed a slave
  4334 | D:5      | Killed a slave
  4345 | D:5      | Reached XP level 7. HP: 38/48 MP: 6/6
  4363 | D:5      | Killed a slave
  4364 | D:5      | Noticed a slave
  4366 | D:5      | Noticed Pikel
  4403 | D:5      | Killed Pikel
  4403 | D:5      | Reached skill level 5 in Stealth
  4403 | D:5      | Reached XP level 8. HP: 47/52 MP: 7/7
  4420 | D:5      | Gained mutation: You are partially covered in icy blue scales (AC +1). [mutagenic meat]
  4577 | D:6      | Reached skill level 5 in Shields
  4630 | D:6      | Reached skill level 5 in Fighting
  4768 | D:6      | Reached skill level 5 in Maces & Flails
  5149 | D:6      | Reached skill level 5 in Armour
  5149 | D:6      | Reached skill level 6 in Stealth
  5480 | D:7      | Noticed Joseph
  5494 | D:7      | Reached XP level 9. HP: 59/59 MP: 8/8
  5531 | D:7      | Killed Joseph
  5655 | D:7      | Noticed Blork the orc
  5667 | D:7      | Gained mutation: You cannot study or cast Air magic. [Ru sacrifice]
  5667 | D:7      | Gained mutation: You cannot study or cast Hexes magic. [Ru sacrifice]
  5667 | D:7      | Gained mutation: You cannot study or cast Translocations magic. [Ru sacrifice]
  5667 | D:7      | Acquired Ru's second power
  5721 | D:7      | Reached skill level 7 in Stealth
  5751 | D:7      | Found a flagged portal.
  5764 | D:7      | Reached skill level 1 in Slings
  5817 | Bailey   | Entered a bailey
  5884 | Bailey   | Noticed an orc knight
  6018 | Bailey   | Noticed an orc knight
  6151 | Bailey   | Killed an orc knight
  6830 | D:7      | Killed Blork the orc
  6946 | D:8      | Found a blossoming altar of Fedhas.
  6990 | D:8      | Reached skill level 8 in Stealth
  6990 | D:8      | Reached XP level 10. HP: 49/66 MP: 9/9
  7043 | D:8      | Found a white marble altar of Elyvilon.
  7801 | D:8      | Found a shattered altar of Ashenzari.
  8233 | D:9      | Found Qapp's Book Shoppe.
  8233 | D:9      | Noticed Duvessa
  8233 | D:9      | Noticed Dowan
  8258 | D:9      | Killed Duvessa
  8260 | D:9      | Killed Dowan
  8281 | D:9      | Found Iloaxua's Weapon Shop.
  8539 | D:9      | Found a staircase to the Orcish Mines.
  8695 | D:9      | Reached skill level 5 in Dodging
  8701 | D:9      | Reached skill level 1 in Throwing
  8801 | D:9      | Found a deep blue altar of Sif Muna.
  8829 | D:9      | Identified Sif Muna's Collected Works on Stones
  8838 | D:10     | Entered Level 10 of the Dungeon
  9004 | D:10     | Identified a scroll of acquirement
  9223 | D:10     | Found Reoxkakh's Jewellery Shoppe.
  9231 | D:10     | Found Qoritroe's Antique Armour Emporium.
  9234 | D:10     | Bought the ring "Lusk" {rElec rPois rC- AC+3 Str-5 Slay+3} for 445 gold pieces
  9234 | D:10     | Bought an uncursed amulet of warding for 195 gold pieces
  9287 | D:10     | Found Teatuarphy's Antique Weapon Shoppe.
  9412 | D:10     | Found Bloidghuwus' Book Shop.
  9922 | D:11     | Reached skill level 9 in Stealth
  9948 | D:11     | Found a glowing golden altar of the Shining One.
 10035 | D:11     | Noticed a purple ugly thing
 10060 | D:11     | Killed a purple ugly thing
 10069 | D:11     | Gained mutation: Your spells are a little easier to cast, but a little less powerful. [mutagenic meat]
 10071 | D:11     | Gained mutation: You occasionally shout uncontrollably at your foes. [mutagenic meat]
 10113 | D:11     | Reached XP level 11. HP: 72/72 MP: 9/9
 10379 | D:11     | Noticed an elephant
 10385 | D:11     | Noticed a hill giant
 10403 | D:11     | Killed a hill giant
 10435 | D:11     | Killed an elephant
 10650 | D:11     | Found a staircase to the Lair.
 11260 | D:12     | You fall through a shaft for 3 floors!
 11260 | D:15     | Entered Level 15 of the Dungeon
 11641 | D:15     | Annihilated by a very large slime creature

Action                   |  1- 3 |  4- 6 |  7- 9 | 10-12 || total
-------------------------+-------+-------+-------+-------++-------
Melee: Flail             |   149 |   107 |       |   213 ||   469
       Mace              |       |   232 |   470 |   225 ||   927
       War axe           |       |       |       |     8 ||     8
       Demon whip        |       |       |       |    44 ||    44
 Fire: Hunting sling     |       |       |    13 |   110 ||   123
Throw: Tomahawk          |       |       |     1 |    26 ||    27
Invok: Sacrifice Experie |       |     1 |       |       ||     1
       Sacrifice Arcana  |       |       |     1 |       ||     1
       Reject Sacrifices |       |       |       |     1 ||     1
 Abil: Evoke Flight      |       |       |       |     1 ||     1
Evoke: Wand              |       |       |       |     3 ||     3
  Use: Scroll            |     4 |     6 |     6 |    14 ||    30
       Potion            |       |     5 |     5 |     3 ||    13
 Stab: Sleeping          |       |     3 |     3 |     2 ||     8
  Eat: Chunk             |     2 |       |     3 |    47 ||    52
       Bread ration      |       |     1 |       |       ||     1
       Meat ration       |       |     1 |     2 |       ||     3
       Pizza             |       |       |     1 |       ||     1
       Beef jerky        |       |       |       |     2 ||     2
